 Dungeon Crawl Stone Soup version 0.31-a0-981-geadf994542 (webtiles) character file.

Game seed: 13124020544297338938

130648 Xavori the Nimble (level 17, -8/125 HPs)
             Began as a Djinni Chaos Knight on Nov 1, 2023.
             Was a Plaything of Xom.
             Mangled by a nagaraja
             ... wielding a +0 club
              (13 damage)
             ... on level 4 of the Snake Pit on Nov 2, 2023.
             The game lasted 00:43:23 (35434 turns).

Xavori the Nimble (Djinni Chaos Knight)            Turns: 35434, Time: 00:43:23

Health: -8/125     AC: 21    Str: 17    XL:     17   Next: 64%
Gold:   2595       EV: 23    Int: 14    God:    Xom [....*.] SH: 25 Dex: 27

rFire   + + +        l - +7 Throatcutter {drain, coup de grace}
rCold   x . .        S - +5 Storm Queen's Shield {shock, Fly rElec}
rNeg    + . .        Q - +6 scale mail of Riadiczo {+Blink rElec}
rPois   ∞            (helmet restricted)
rElec   +            m - +1 cloak
rCorr   .            i - +2 pair of gloves "Birgh" {rN+ Str+7 Stlth+}
SInv    .            (boots unavailable)
Will    +....        Y - amulet of reflection
Stlth   ++           q - ring of Yrhyinio {Dex+3 Slay+4}
HPRegen 0.40/turn    P - +5 ring of evasion
MPRegen 0.00/turn

%: random rage (3%), reflection, infuse magic (-9 HP)
@: marked, flying, constricted, studying Maces & Flails
A: sickness immunity, fire resistance 3, cold vulnerability 1, float, innate
caster, HP casting, extra vitality 1, horns 2, agile 1, berserk 1, deterioration
1, sense surroundings 3, wild magic 1, evolution 1, sturdy frame 1
a: Renounce Religion, Evoke Blink


You were on level 4 of the Snake Pit.
You worshipped Xom.
You were a beloved toy of Xom.
You visited 4 branches of the dungeon, and saw 26 of its levels.
You also visited: Sewer, Ossuary, Bailey, Gauntlet and Ice Cave.

You collected 2690 gold pieces.
You spent 95 gold pieces at shops.

Inventory:

Hand Weapons
 g - a +4 scimitar of flaming
 l - the +7 Throatcutter (weapon) {drain, coup de grace}
   (You found it on level 2 of the Dungeon)
Armour
 i - the +2 pair of gloves "Birgh" (worn) {rN+ Str+7 Stlth+}
   (You found it on level 3 of the Snake Pit)

   Str+7:     It affects your strength (+7).
   rN+:       It protects you from negative energy.
   Stlth+:    It makes you more stealthy.
 m - a +1 cloak (worn)
 t - a scarf of invisibility
 Q - the +6 scale mail of Riadiczo (worn) {+Blink rElec}
   (You took it off a gnoll in a bailey)

   rElec:     It insulates you from electricity.
   +Blink:    It lets you blink.
 S - the +5 Storm Queen's Shield (worn) {shock, Fly rElec}
   (You found it in a Gauntlet)

   Shock:     When it blocks an attack, it may electrocute the attacker.
   This works even against foes who are a short distance away.
   rElec:     It insulates you from electricity.
   Fly:       It grants you flight.
Jewellery
 a - an amulet of faith
 b - a +4 ring of slaying
 p - a ring of resist corrosion
 q - the ring of Yrhyinio (left hand) {Dex+3 Slay+4}
   (You acquired it on level 10 of the Dungeon)

   [ring of slaying]

   Dex+3:     It affects your dexterity (+3).
   Slay+4:    It affects your accuracy & damage with ranged weapons and melee
   (+4).
 G - the ring of Weokli {Str-5 Int+4 Slay+4}
   (You found it in an ossuary)

   [ring of slaying]

   Str-5:     It affects your strength (-5).
   Int+4:     It affects your intelligence (+4).
   Slay+4:    It affects your accuracy & damage with ranged weapons and melee
   (+4).
 J - a ring of see invisible
 P - a +5 ring of evasion (right hand)
 T - a ring of positive energy
 Y - an amulet of reflection (around neck)
Wands
 j - a wand of mindburst (45)
 y - a wand of quicksilver (31)
 M - a wand of polymorph (23)
 O - a wand of flame (53)
 U - a wand of iceblast (13)
 Z - a wand of paralysis (4)
Scrolls
 c - a scroll of butterflies
 e - 17 scrolls of teleportation
 f - 2 scrolls of revelation {unknown}
 h - 6 scrolls of blinking
 k - 10 scrolls of enchant armour
 n - 10 scrolls of immolation
 o - a scroll of brand weapon {unknown}
 u - 4 scrolls of vulnerability
 B - 2 scrolls of fear
 C - 3 scrolls of fog
 L - 7 scrolls of enchant weapon
 N - 3 scrolls of poison
Potions
 d - 10 potions of curing
 s - 2 potions of brilliance {unknown}
 v - 2 potions of invisibility
 w - 2 potions of enlightenment
 x - 2 potions of might {unknown}
 z - 4 potions of degeneration
 D - 2 potions of mutation
 E - 6 potions of haste
 F - 3 potions of resistance {unknown}
 H - 5 potions of heal wounds
 I - 3 potions of cancellation {unknown}
 K - a potion of berserk rage {unknown}
 V - 3 potions of ambrosia {unknown}
 X - 2 potions of attraction {unknown}
Miscellaneous
 W - a box of beasts


   Skills:
 + Level 12.8 Fighting
 + Level 11.1 Long Blades
 + Level 11.7 Armour
 + Level 12.9 Dodging
 + Level 11.5 Shields
 * Level 11.7 Spellcasting
 * Level 11.7 Conjurations
 * Level 11.7 Hexes
 * Level 11.7 Summonings
 * Level 11.7 Necromancy
 * Level 11.7 Translocations
 * Level 11.7 Transmutations
 * Level 11.7 Fire Magic
 * Level 11.7 Ice Magic
 * Level 11.7 Air Magic
 * Level 11.7 Earth Magic
 * Level 11.7 Poison Magic
 - Level 5.4 Evocations


You knew the following spells:

 Your Spells              Type           Power      Damage    Failure   Level
a - Summon Small Mammal   Summ           100%       N/A       1%          1
b - Passwall              Tmut/Erth      43%        N/A       1%          2
c - Static Discharge      Conj/Air       100%       3-8/arc   1%          2
d - Vampiric Draining     Necr           52%        2d9       1%          3
e - Fireball              Conj/Fire      26%        3d12      11%         5
f - Metabolic Englaciati  Hex/Ice        26%        N/A       11%         5
g - Summon Cactus Giant   Summ           26%        N/A       45%         6
h - Ozocubu's Refrigerat  Ice            26%        4d13      95%         7
Your spell library was empty.

Dungeon Overview and Level Annotations

Branches:
Dungeon (15/15)            Temple (0/1) D:4            Lair (5/5) D:11
  Swamp (0/4) Lair:2        Snake (4/4) Lair:2        Slime (0/5) Lair:4
    Orc (2/2) D:11            Elf (0/3) Orc:2        Vaults (0/5) D:13
  Sewer (visited)         Ossuary (visited)          Bailey (visited)
  IceCv (visited)         Gauntlet (visited)
 Depths: D:15

Altars:
Ashenzari
Cheibriados
Dithmenos
Elyvilon
Fedhas
Gozag
Hepliaklqana
Makhleb
Nemelex Xobeh
Ru
Trog
Uskayaw
Xom
Yredelemnul
The Shining One
Jiyva

Shops:
D:4 (   D:5 *   D:7 (   D:10 :   D:12 *   Orc:2 (([[   Snake:3 [   Snake:4 (

Annotations:
D:10 exclusion: ice statue
Orc:1 6 transporters


Innate Abilities, Weirdness & Mutations

You are immune to sickness and miasma.
You are immune to poison.
Your flesh is almost immune to the effects of heat. (rF+++)
You are vulnerable to cold. (rC-)
You float through the air rather than walking.
You learn spells naturally, not from books.
Your magical power is your life essence.
You have superior vitality. (+4 MHP)
You have a pair of horns on your head.
You are agile. (Dex +4, Str/Int -1)
You sometimes lose your temper in combat.
Your body sometimes deteriorates upon taking damage.
You passively map a large area around you.
Your spells are a little harder to cast, but a little more powerful.
You have hidden genetic potential.
Your movements are slightly less encumbered by armour. (ER -2)


Message History

* * * LOW HITPOINT WARNING * * *
You block the anaconda's attack.
Your shield discharges, shocking the anaconda!
The anaconda completely misses you. The anaconda misses you.
You block the anaconda's attack. x3; The anaconda misses you.
You block the anaconda's attack. The anaconda closely misses you.
The anaconda bites you but does no damage.
An anaconda comes into view.
You miss the anaconda.
The anaconda is moderately wounded.
You block the anaconda's attack. The anaconda bites you.
* * * LOW HITPOINT WARNING * * *
The anaconda misses you. You block the anaconda's attack.
Your shield discharges, shocking the anaconda!
You block the anaconda's attack. The anaconda misses you.
The anaconda grabs you. The anaconda barely misses you.
The anaconda constricts you.
* * * LOW HITPOINT WARNING * * *
Unknown command.
You barely miss the anaconda. You headbutt the anaconda.
The anaconda is heavily wounded.
The guardian serpent coils itself and waves its upper body at you.
The anaconda bites you but does no damage.
The anaconda constricts you.
The anaconda bites you but does no damage.
The nagaraja spits poison at you.
You block the splash of poison... and reflect it back!
The splash of poison hits the nagaraja.
You hit the anaconda.
The anaconda is heavily wounded.
You block the anaconda's attack. The anaconda constricts you.
The anaconda bites you!
* * * LOW HITPOINT WARNING * * *
The guardian serpent coils itself and waves its upper body at you.
You block the anaconda's attack.
Your shield discharges, shocking the anaconda!
The anaconda constricts you. You block the anaconda's attack.
The nagaraja hits you with a +0 club!
You die...
Xom guffaws!

......#
##.............#....#..
......###
###########.⌠.#....)..
#......'#
#...#....#...S...
#......##
#.......##.......
#......#
#......###.......
.......# ##
#..N.####.S.....#
.......# ##..*
#SS..##'#.....###
.......#
##....##NSS.N)N†.....#,
.......#
#.....S@SSS..†###.......
.......###.⌠.###########
##...... ###......# ,, ,
,* +...... #.#......# ,
, **#......
..#....#'###, , ,
**...... <.#....#.#.####
### .....
###....#'#.#..####.# , ,
,, ..[........#..#..'##
, * ,
..)........#..####.#, ,
*


You could see a nagaraja (fast, catching breath, drained), a naga warrior, a
salamander, 5 anacondas, 3 guardian serpents and a naga (strong).

Vanquished Creatures
  Bai Suzhen (Snake:4)
  Rupert (D:14)
  3 nagarajas
  2 orc warlords (Orc:1)
  The ghost of Jynaviopo the Severer, a journeyman GrFi of Okawaru (D:13)
  Azrael (D:14)
  A minotaur (Gauntlet)
  A green death (Gauntlet)
  A vault guard (D:13)
  A salamander tyrant (Snake:4)
  3 hydras
  A two-headed ogre (D:11)
  2 catoblepae (Lair:4)
  8 anacondas
  10 naga warriors
  2 death yaks (Lair:5)
  3 centaur warriors
  3 tengu warriors
  11 naga sharpshooters
  5 orc high priests
  7 shock serpents
  Sonja (Lair:4)
  2 skysharks
  A salamander mystic (Snake:4)
  5 skeletal warriors (D:14)
  A lindwurm (Lair:2)
  A spriggan simulacrum (IceCv)
  2 deep elf pyromancers
  A naga ritualist (Snake:2)
  2 orc knights
  5 orc sorcerers
  3 ugly things
  A sphinx simulacrum (D:13)
  4 mana vipers
  2 oklob plants
  16 salamanders
  3 cyclopes
  5 manticores
  5 guardian serpents
  3 elephants (Lair:3)
  A spectral centaur (D:13)
  14 naga magi
  19 black mambas
  An ice statue (D:15)
  An unseen horror (D:12)
  2 gargoyles
  13 cane toads
  A kobold demonologist (D:9)
  10 komodo dragons
  A rime drake (Lair:5)
  An ice devil (IceCv)
  2 tengu conjurers
  An unseen horror zombie (D:10)
  4 trolls
  A queen bee (Gauntlet)
  10 polar bears
  Grinder (D:5)
  A raiju (Lair:5)
  5 slime creatures (D:13)
  19 blink frogs
  2 centaur simulacra
  2 wraiths (D:10)
  3 wyverns
  4 fire elementals (D:14)
  3 fire bats (Lair:4)
  56 yaks
  5 basilisks
  6 vampire mosquitoes
  A minotaur simulacrum (IceCv)
  10 wargs
  A harpy simulacrum (D:13)
  27 nagas
  12 hell hounds
  15 water moccasins
  3 acid dragons
  A swamp drake (D:7)
  Pargi (Sewer)
  A hornet zombie (Ossuary)
  48 orc warriors
  A black bear (shapeshifter) (Lair:5)
  8 black bears
  6 ogres
  19 wolves
  7 centaurs
  2 phantoms
  A kobold brigand (D:10)
  2 wyvern zombies (Ossuary)
  A water moccasin zombie (Ossuary)
  6 bullfrogs
  3 scorpions
  A deep troll simulacrum (IceCv)
  10 wights
  14 killer bees
  A lindwurm simulacrum (IceCv)
  9 howler monkeys
  5 electric eels
  6 bullfrog zombies (Ossuary)
  3 centaur zombies
  3 gnoll boudas
  4 hounds
  18 orc priests
  Crazy Yiuf (D:2)
  A jelly (D:6)
  6 sleepcaps
  2 iguanas
  33 orc wizards
  Ijyb (D:5)
  5 hell rats (Lair:4)
  A killer bee zombie (Ossuary)
  11 mummies
  2 howler monkey zombies (Ossuary)
  16 gnolls
  9 adders
  A white imp (D:6)
  2 worms (D:3)
  A dart slug (D:2)
  113 orcs
  7 ball pythons
  4 bats
  3 endoplasms
  7 giant cockroaches
  15 hobgoblins
  4 quokkas
  3 frilled lizards
  17 goblins
  10 kobolds
  5 rats
850 creatures vanquished.

Vanquished Creatures (collateral kills)
  A shock serpent (Snake:3)
  A naga ritualist (Snake:4)
  2 black mambas (Snake:4)
  2 polar bears (Lair:5)
  4 hell hounds (Lair:5)
  An orc warrior (Orc:1)
  5 black bears (Lair:5)
  A wolf (Lair:5)
  An orc wizard (Orc:1)
  3 orcs
  A quokka (D:1)
  A ball python (D:1)
23 creatures vanquished.

Vanquished Creatures (others)
  2 dancing weapons
  A guardian serpent (Snake:2)
  A centaur simulacrum (D:13)
  A harpy simulacrum (D:13)
  A meliai simulacrum (D:13)
  A hornet simulacrum (D:13)
  A killer bee (D:7)
  An orc wizard (Orc:1)
  2 mummies (Ossuary)
  2 orcs
13 creatures vanquished.

Grand Total: 886 creatures vanquished

Notes
Turn   | Place    | Note
-------+----------+-------------------------------------------
     0 | D:1      | Xavori the Djinni Chaos Knight began the quest for the Orb.
     0 | D:1      | Reached XP level 1. HP: 20/20 MP: 0/0
    54 | D:1      | XOM: silly message
   189 | D:1      | Reached XP level 2. HP: 25/25 MP: 0/0
   194 | D:1      | XOM: divination: magic mapping
   235 | D:1      | XOM: silly message
   311 | D:1      | XOM: silly message
   526 | D:1      | Found a faded altar of an unknown god.
   969 | D:1      | XOM: silly message
  1648 | D:1      | XOM: silly message
  2575 | D:1      | XOM: give mutation
  2643 | D:1      | XOM is BORED!
  3985 | D:1      | XOM: give mutations
  3985 | D:1      | Gained mutation: You possess an exceptional clarity of
                  | mind. [Xom's mischief]
  3985 | D:1      | Gained mutation: You passively dampen the noise of your
                  | surroundings. [Xom's mischief]
  4091 | D:1      | XOM: give mutations
  4091 | D:1      | Gained mutation: You are clumsy. (Dex -2) [Xom's mischief]
  4091 | D:1      | Lost mutation: You passively dampen the noise of your
                  | surroundings. [Xom's mischief]
  4976 | D:1      | XOM: noise
  5114 | D:1      | XOM: summons 2 hostile demons
  6376 | D:1      | XOM: give mutations
  6376 | D:1      | Lost mutation: You are clumsy. (Dex -2) [Xom's mischief]
  6376 | D:1      | Gained mutation: You have a pair of small horns on your
                  | head. [Xom's mischief]
  7141 | D:1      | XOM: noise
  7334 | D:1      | XOM: give mutations
  7334 | D:1      | Gained mutation: You have sharp fingernails. [Xom's
                  | mischief]
  7334 | D:1      | Gained mutation: Potions are less effective at restoring
                  | your health. [Xom's mischief]
  8442 | D:1      | XOM: noise
  8731 | D:1      | XOM: summons 2 hostile demons
  9543 | D:2      | XOM: 1-stop teleportation journey
  9546 | D:2      | Reached XP level 3. HP: 30/30 MP: 0/0
  9546 | D:2      | Learned a level 1 spell: Summon Small Mammal
  9779 | D:2      | Reached skill level 1 in Spellcasting
  9779 | D:2      | Reached skill level 1 in Conjurations
  9779 | D:2      | Reached skill level 1 in Hexes
  9779 | D:2      | Reached skill level 1 in Summonings
  9779 | D:2      | Reached skill level 1 in Necromancy
  9779 | D:2      | Reached skill level 1 in Translocations
  9779 | D:2      | Reached skill level 1 in Transmutations
  9779 | D:2      | Reached skill level 1 in Fire Magic
  9779 | D:2      | Reached skill level 1 in Ice Magic
  9779 | D:2      | Reached skill level 1 in Air Magic
  9779 | D:2      | Reached skill level 1 in Earth Magic
  9779 | D:2      | Reached skill level 1 in Poison Magic
  9983 | D:2      | Found the +7 Throatcutter {drain, coup de grace}
 10015 | D:2      | Reached XP level 4. HP: 35/35 MP: 0/0
 10092 | D:2      | Found a runed translucent door.
 10093 | D:2      | Noticed Crazy Yiuf
 10225 | D:2      | Killed Crazy Yiuf
 10426 | D:3      | Reached XP level 5. HP: 40/40 MP: 0/0
 10426 | D:3      | Learned a level 2 spell: Passwall
 10476 | D:3      | Found a glowing drain.
 10489 | Sewer    | Entered a sewer
 10505 | Sewer    | Noticed Pargi
 10507 | Sewer    | Killed Pargi
 10508 | Sewer    | Reached skill level 1 in Shields
 10508 | Sewer    | Reached XP level 6. HP: 47/47 MP: 0/0
 11001 | D:3      | XOM is BORED!
 11292 | D:4      | Found Zalaj's Weapon Emporium.
 11380 | D:4      | Noticed an ogre
 11386 | D:4      | Killed an ogre
 11387 | D:4      | Reached XP level 7. HP: 29/52 MP: 0/0
 11387 | D:4      | Learned a level 2 spell: Static Discharge
 11513 | D:4      | XOM: summons 2 hostile shadow creatures
 11659 | D:4      | XOM: 1-stop teleportation journey
 12030 | D:4      | Found a staircase to the Ecumenical Temple.
 12066 | D:5      | Entered Level 5 of the Dungeon
 12066 | D:5      | Noticed a water moccasin
 12070 | D:5      | Killed a water moccasin
 12109 | D:5      | Found Saosm's Neck Hole.
 12141 | D:5      | Noticed Ijyb
 12150 | D:5      | Killed Ijyb
 12340 | D:5      | Noticed Grinder
 12343 | D:5      | Paralysed by Grinder for 5 turns
 12355 | D:5      | Killed Grinder
 12356 | D:5      | Reached XP level 8. HP: 44/58 MP: 0/0
 12474 | D:5      | Found a sand-covered staircase.
 12483 | Ossuary  | Entered an ossuary
 12593 | Ossuary  | XOM: 2-stop teleportation journey
 12604 | Ossuary  | XOM: confuse monster(s)
 12613 | Ossuary  | XOM: divination: detect creatures
 12619 | Ossuary  | XOM: destruction
 12621 | Ossuary  | XOM: fog
 12624 | Ossuary  | XOM: 1-stop teleportation journey
 12758 | Ossuary  | Reached skill level 5 in Fighting
 12785 | Ossuary  | Reached XP level 9. HP: 20/65 MP: 0/0
 12785 | Ossuary  | Learned a level 3 spell: Vampiric Draining
 12791 | Ossuary  | XOM: cloud trail
 12797 | Ossuary  | Reached skill level 5 in Dodging
 12977 | Ossuary  | Identified the ring of Weokli {Str-5 Int+4 Slay+4}
 13513 | D:5      | Found a glowing golden altar of the Shining One.
 13616 | D:6      | XOM: scenery: create altars
 13637 | D:6      | Reached skill level 5 in Long Blades
 13657 | D:6      | Found an opulent altar of Gozag.
 13837 | D:6      | XOM: cast spell 'Summon Cactus Giant'
 13866 | D:6      | Found a burning altar of Makhleb.
 13866 | D:6      | Noticed a cacodemon
 13913 | D:6      | Reached skill level 5 in Armour
 13913 | D:6      | Reached XP level 10. HP: 66/72 MP: 0/0
 14053 | D:6      | Identified the +5 trident of Irrepressible Laughter
                  | {antimagic, *Noise rF+++ rN+ SInv}
 14416 | D:7      | Found a hide-covered altar of Uskayaw.
 14582 | D:7      | Found a blossoming altar of Fedhas.
 14727 | D:7      | Found a shadowy altar of Dithmenos.
 14731 | D:7      | Reached skill level 5 in Spellcasting
 14731 | D:7      | Reached skill level 5 in Conjurations
 14731 | D:7      | Reached skill level 5 in Hexes
 14731 | D:7      | Reached skill level 5 in Summonings
 14731 | D:7      | Reached skill level 5 in Necromancy
 14731 | D:7      | Reached skill level 5 in Translocations
 14731 | D:7      | Reached skill level 5 in Transmutations
 14731 | D:7      | Reached skill level 5 in Fire Magic
 14731 | D:7      | Reached skill level 5 in Ice Magic
 14731 | D:7      | Reached skill level 5 in Air Magic
 14731 | D:7      | Reached skill level 5 in Earth Magic
 14731 | D:7      | Reached skill level 5 in Poison Magic
 14764 | D:7      | Found a sacrificial altar of Ru.
 14771 | D:7      | Reached skill level 1 in Evocations
 14793 | D:7      | XOM: polymorph killer bee -> swamp drake
 14811 | D:7      | Reached skill level 5 in Shields
 14878 | D:7      | XOM: divination: detect creatures
 14938 | D:7      | Found Seluw's Weapon Boutique.
 15220 | D:8      | Found a hazy altar of Hepliaklqana.
 15303 | D:8      | XOM: god gift: +2 long sword of chaos
 15384 | D:8      | XOM: silly message
 15390 | D:8      | Found a broken altar of Ashenzari.
 15652 | D:8      | XOM: scenery: summon butterflies
 16100 | D:9      | Found a shimmering altar of Xom.
 16140 | D:9      | Noticed a kobold demonologist
 16144 | D:9      | XOM: smoke on damage
 16148 | D:9      | Noticed a smoke demon
 16148 | D:9      | Killed a kobold demonologist
 16180 | D:9      | XOM: confuse monster(s)
 16195 | D:9      | XOM: summons 2 friendly demons
 16423 | D:9      | Reached XP level 11. HP: 76/78 MP: 0/0
 16423 | D:9      | Learned a level 5 spell: Fireball
 16430 | D:9      | Found a white marble altar of Elyvilon.
 16455 | D:9      | XOM: noise
 16458 | D:9      | XOM: divination: magic mapping
 16564 | D:9      | Found a bloodstained altar of Trog.
 16868 | D:10     | XOM: noise
 16868 | D:10     | Entered Level 10 of the Dungeon
 16879 | D:10     | XOM: potion effect (curing)
 16887 | D:10     | XOM: polymorph kobold -> frilled lizard
 17008 | D:10     | XOM: confuse monster(s)
 17015 | D:10     | XOM: potion effect (curing)
 17028 | D:10     | Identified a scroll of acquirement
 17029 | D:10     | Acquired the ring of Yrhyinio {Dex+3 Slay+4}
 17056 | D:10     | Found Hailell's Book Boutique.
 17111 | D:10     | XOM: enchant monster (good)
 17114 | D:10     | XOM: enchant monster (bad)
 17162 | D:10     | XOM: summons 6 hostile demons
 17268 | D:10     | Found a snail-covered altar of Cheibriados.
 17312 | D:10     | Found a flagged portal.
 17324 | Bailey   | Entered a bailey
 17386 | Bailey   | XOM: god gift: 43 gold pieces
 17454 | Bailey   | XOM: fog
 17707 | Bailey   | Found an iron altar of Okawaru.
 17707 | Bailey   | Noticed an orc high priest
 17707 | Bailey   | Noticed an orc high priest
 17735 | Bailey   | XOM: swap monsters
 17785 | Bailey   | XOM: torment (25/79 hp)
 17818 | Bailey   | XOM: summons 1 hostile demon
 17913 | Bailey   | XOM: chaos cloud
 17921 | Bailey   | Killed an orc high priest
 18034 | Bailey   | XOM: summons 2 hostile shadow creatures
 18188 | Bailey   | Identified the +4 dagger "Hasapiyt" {drain, rF+ Int+3
                  | Dex-4}
 18188 | Bailey   | Identified the +6 scale mail of Riadiczo {+Blink rElec}
 18276 | Bailey   | Killed an orc high priest
 18277 | Bailey   | Reached XP level 12. HP: 16/85 MP: 0/0
 18640 | D:10     | XOM: silly message
 18706 | D:10     | XOM: give mutations
 18706 | D:10     | Gained mutation: Your body sometimes deteriorates upon
                  | taking damage. [Xom's mischief]
 18706 | D:10     | Lost mutation: Your body sometimes deteriorates upon taking
                  | damage. [Xom's mischief]
 18730 | D:10     | Found a basalt altar of Yredelemnul.
 18776 | D:11     | Found a staircase to the Orcish Mines.
 18802 | D:11     | Found a staircase to the Lair.
 18868 | D:11     | XOM: divination: detect items
 18886 | D:11     | Identified the "Fiotitroid" (You acquired it on level 11
                  | of the Dungeon)
 18886 | D:11     | Acquired the +2 pair of gloves of Futz {Str+2}
 18920 | D:11     | Found a gate leading to a gauntlet.
 18929 | Gauntlet | Entered a Gauntlet
 18929 | Gauntlet | Found a transporter.
 18938 | Gauntlet | Found a transporter.
 18938 | Gauntlet | Found a transporter.
 18946 | Gauntlet | Found a runed translucent gate.
 18946 | Gauntlet | Found a runed translucent gate.
 18946 | Gauntlet | Found a runed translucent gate.
 18949 | Gauntlet | Found a transporter.
 18952 | Gauntlet | Found a transporter.
 18955 | Gauntlet | Noticed a death yak
 18957 | Gauntlet | Noticed a death yak
 18960 | Gauntlet | Noticed a death yak
 18961 | Gauntlet | Found a transporter.
 18980 | Gauntlet | Found the +4 consecrated labrys {holy, Valiant Fragile Fly
                  | SInv}
 18982 | Gauntlet | Found a transporter.
 18993 | Gauntlet | Found a transporter.
 18993 | Gauntlet | Noticed a reaper
 19001 | Gauntlet | Found a runed translucent door.
 19004 | Gauntlet | Found a transporter.
 19011 | Gauntlet | Noticed a green death
 19023 | Gauntlet | Found a transporter.
 19028 | Gauntlet | Found a transporter.
 19037 | Gauntlet | Found the +5 Storm Queen's Shield {shock, Fly rElec}
 19038 | Gauntlet | Found a transporter.
 19081 | Gauntlet | Found a runed translucent door.
 19086 | Gauntlet | Found a transporter.
 19100 | Gauntlet | Found a transporter.
 19413 | Gauntlet | Killed a green death
 19496 | Gauntlet | Noticed a minotaur
 19498 | Gauntlet | XOM: chaos cloud
 19515 | Gauntlet | Lost mutation: You have sharp fingernails. [potion of
                  | mutation]
 19515 | Gauntlet | Lost mutation: You possess an exceptional clarity of mind.
                  | [potion of mutation]
 19515 | Gauntlet | Lost mutation: Potions are less effective at restoring your
                  | health. [potion of mutation]
 19515 | Gauntlet | Lost mutation: You have a pair of small horns on your head.
                  | [potion of mutation]
 19533 | Gauntlet | Killed a minotaur
 19702 | Gauntlet | XOM: silly message
 19845 | D:11     | Reached skill level 5 in Evocations
 19903 | D:11     | Noticed a two-headed ogre
 19906 | D:11     | Killed a two-headed ogre
 20122 | D:11     | XOM: summons 7 hostile demons
 20134 | D:11     | XOM: swap monsters
 20377 | Lair:1   | Entered Level 1 of the Lair of Beasts
 20437 | Lair:1   | XOM: cleaving
 20441 | Lair:1   | XOM: noise
 20575 | Lair:1   | Reached XP level 13. HP: 92/92 MP: 0/0
 20575 | Lair:1   | Learned a level 5 spell: Metabolic Englaciation
 20599 | Lair:1   | XOM: enchant monster (bad)
 20811 | Lair:1   | Identified the +0 leather armour of the Ward {rPois Will+
                  | MP+9 Dex-2}
 21326 | Lair:2   | XOM: blink monster(s)
 21329 | Lair:2   | XOM: 1-stop teleportation journey
 21420 | Lair:2   | XOM: 1-stop teleportation journey
 21525 | Lair:2   | Found a staircase to the Swamp.
 21750 | Lair:2   | Found a staircase to the Snake Pit.
 21750 | Lair:2   | XOM: confusion (+ monsters)
 22055 | Lair:3   | XOM: give mutation
 22055 | Lair:3   | Gained mutation: You do not regenerate when monsters are
                  | visible. [Xom's mischief]
 22117 | Lair:3   | Lost mutation: You do not regenerate when monsters are
                  | visible. [potion of mutation]
 22117 | Lair:3   | Gained mutation: Your spells are a little harder to cast,
                  | but a little more powerful. [potion of mutation]
 22117 | Lair:3   | Gained mutation: You are very vulnerable to cold. (rC--)
                  | [potion of mutation]
 22118 | Lair:3   | Lost mutation: Your spells are a little harder to cast, but
                  | a little more powerful. [potion of mutation]
 22118 | Lair:3   | Lost mutation: You are very vulnerable to cold. (rC--)
                  | [potion of mutation]
 22118 | Lair:3   | Gained mutation: Your mind is acute. (Int +4, Str/Dex -1)
                  | [potion of mutation]
 22118 | Lair:3   | Gained mutation: You have hidden genetic potential. [potion
                  | of mutation]
 22145 | Lair:3   | XOM: noise
 22151 | Lair:3   | Noticed a seven-headed hydra
 22158 | Lair:3   | Killed a seven-headed hydra
 22240 | Lair:3   | XOM: confuse monster(s)
 22265 | Lair:3   | XOM: enchant monster (bad)
 22534 | Lair:3   | XOM: swap monsters
 22630 | Lair:3   | XOM: polymorph cane toad -> salamander
 22631 | Lair:3   | XOM: summons friendly crimson imp
 22915 | Lair:4   | Noticed a catoblepas
 22915 | Lair:4   | Noticed a catoblepas
 23086 | Lair:4   | Reached XP level 14. HP: 95/101 MP: 0/0
 23241 | Lair:4   | XOM: divine lightning
 23288 | Lair:4   | Noticed Sonja
 23294 | Lair:4   | Killed Sonja
 23345 | Lair:4   | XOM: summons 8 hostile demons
 23602 | Lair:4   | Identified the +0 mace of Ubiquitous Fortitude {elec, rElec
                  | rPois Int-5 Dex+6}
 23627 | Lair:4   | Reached skill level 10 in Dodging
 23636 | Lair:4   | Found a staircase to the Slime Pits.
 23636 | Lair:4   | Found a viscous altar of Jiyva.
 24053 | Lair:5   | Entered Level 5 of the Lair of Beasts
 24120 | Lair:4   | XOM: summons 6 hostile demons
 24250 | Lair:5   | XOM: cleaving
 24252 | Lair:5   | XOM: scenery: summon butterflies
 24264 | Lair:5   | Gained mutation: You passively map a small area around you.
                  | [hidden potential]
 24401 | Lair:5   | XOM: scenery: summon butterflies
 24447 | Lair:5   | XOM: polymorph death yak -> shapeshifter
 24713 | Lair:5   | XOM: confuse monster(s)
 24716 | Lair:5   | XOM: summons 12 friendly demons
 24741 | Lair:5   | XOM: summons 5 friendly demons
 24744 | Lair:5   | XOM: summons friendly crimson imp
 24746 | Lair:5   | Reached skill level 10 in Fighting
 24757 | Lair:5   | XOM: 4-stop teleportation journey
 24842 | Lair:5   | XOM: fog
 25005 | Lair:5   | XOM: divination: detect items
 25033 | Lair:5   | Found the +5 glaive of the Guard {elec, spectral}
 25046 | Lair:5   | Reached XP level 15. HP: 107/107 MP: 0/0
 25046 | Lair:5   | Learned a level 6 spell: Summon Cactus Giant
 25358 | Orc:1    | Entered Level 1 of the Orcish Mines
 25358 | Orc:1    | Noticed a juggernaut
 25358 | Orc:1    | Found a transporter.
 25385 | Orc:1    | XOM: scenery: summon butterflies
 25448 | Orc:1    | Found a transporter.
 25448 | Orc:1    | Found a transporter.
 25449 | Orc:1    | Found a transporter.
 25449 | Orc:1    | Found a sparkling altar of Nemelex Xobeh.
 25465 | Orc:1    | Found a transporter.
 25499 | Orc:1    | Found a transporter.
 25633 | Orc:1    | XOM: god gift: amulet of reflection
 25654 | Orc:2    | Entered Level 2 of the Orcish Mines
 25685 | Orc:2    | Paralysed by an orc sorcerer for 4 turns
 25686 | Orc:2    | XOM: chaos upgrade
 25807 | Orc:1    | XOM: noise
 26219 | Orc:2    | XOM: give mutations
 26219 | Orc:2    | Lost mutation: Your mind is acute. (Int +4, Str/Dex -1)
                  | [Xom's mischief]
 26219 | Orc:2    | Gained mutation: You have a pair of small horns on your
                  | head. [Xom's mischief]
 26219 | Orc:2    | Lost mutation: You have hidden genetic potential. [Xom's
                  | mischief]
 26275 | Orc:2    | Found a staircase to the Elven Halls.
 26275 | Orc:2    | Noticed an orc warlord
 26275 | Orc:2    | XOM: 1-stop teleportation journey
 26298 | Orc:1    | Paralysed by an orc sorcerer for 5 turns
 26305 | Orc:1    | XOM: noise
 26306 | Orc:1    | XOM: blink monster(s)
 26310 | Orc:1    | Noticed an orc warlord
 26322 | Orc:1    | XOM: enchant monster (good)
 26327 | Orc:1    | XOM: noise
 26328 | Orc:1    | XOM: cast spell 'Summon Mana Viper'
 26355 | Orc:1    | XOM: fog
 26379 | Orc:1    | XOM: summons friendly ufetubus
 26392 | Orc:1    | Killed an orc warlord
 26393 | Orc:1    | Reached skill level 10 in Armour
 26764 | Orc:1    | Killed an orc warlord
 26765 | Orc:1    | Reached skill level 10 in Spellcasting
 26765 | Orc:1    | Reached skill level 10 in Conjurations
 26765 | Orc:1    | Reached skill level 10 in Hexes
 26765 | Orc:1    | Reached skill level 10 in Summonings
 26765 | Orc:1    | Reached skill level 10 in Necromancy
 26765 | Orc:1    | Reached skill level 10 in Translocations
 26765 | Orc:1    | Reached skill level 10 in Transmutations
 26765 | Orc:1    | Reached skill level 10 in Fire Magic
 26765 | Orc:1    | Reached skill level 10 in Ice Magic
 26765 | Orc:1    | Reached skill level 10 in Air Magic
 26765 | Orc:1    | Reached skill level 10 in Earth Magic
 26765 | Orc:1    | Reached skill level 10 in Poison Magic
 26799 | Orc:2    | XOM: summons 7 friendly demons
 26817 | Orc:2    | XOM: blink monster(s)
 27097 | Orc:2    | Found Ubekepp's Armour Shop.
 27234 | Orc:2    | Found Plog's Antique Armour Shoppe.
 27235 | Orc:2    | Found Zuid's Antique Weapon Emporium.
 27347 | Orc:2    | Found Omyteisapt's Weapon Shop.
 27563 | Orc:2    | XOM: noise
 27763 | D:12     | XOM: give mutations
 27763 | D:12     | Gained mutation: Your movements are slightly less
                  | encumbered by armour. (ER -2) [Xom's mischief]
 27763 | D:12     | Lost mutation: Your movements are slightly less encumbered
                  | by armour. (ER -2) [Xom's mischief]
 27763 | D:12     | Gained mutation: Your body sometimes deteriorates upon
                  | taking damage. [Xom's mischief]
 27763 | D:12     | Gained mutation: You sometimes lose your temper in combat.
                  | [Xom's mischief]
 27889 | D:12     | XOM: 2-stop teleportation journey
 28176 | D:12     | Found Gaotab's Assorted Antiques.
 28184 | D:12     | Bought a glowing yellow potion for 29 gold pieces
 28184 | D:12     | Bought a scroll of identify for 66 gold pieces
 28303 | D:12     | XOM: scenery: 1 doors close
 28322 | D:12     | XOM: divination: magic mapping
 28327 | D:12     | XOM: silly message
 28544 | D:13     | Reached skill level 10 in Shields
 28546 | D:13     | XOM: enchant monster (good)
 28649 | D:13     | XOM: polymorph troll -> polar bear
 28706 | D:13     | Found a gate to the Vaults.
 28849 | D:13     | Found a blossoming altar of Fedhas.
 28891 | D:13     | Identified the +2 robe of the Green God {Dex+4}
 29133 | D:13     | Found a runed translucent gate.
 29134 | D:13     | Found a runed translucent gate.
 29135 | D:13     | Found a runed translucent gate.
 29137 | D:13     | Noticed Jynaviopo's ghost (journeyman GrFi)
 29207 | D:13     | XOM: destruction
 29224 | D:13     | XOM: cast spell 'Death Channel'
 29227 | D:13     | Killed Jynaviopo's ghost
 29263 | D:13     | XOM: give mutations
 29263 | D:13     | Gained mutation: You are somewhat resistant to further
                  | mutation. [Xom's grace]
 29263 | D:13     | Gained mutation: You are agile. (Dex +4, Str/Int -1) [Xom's
                  | grace]
 29451 | D:13     | XOM: god gift: ring mail {god gift}
 29594 | D:14     | XOM: divination: detect items
 29622 | D:14     | XOM: scenery: create altars
 29643 | D:14     | XOM: summons friendly shadow imp
 29645 | D:14     | XOM: cast spell 'Summon Small Mammal'
 29674 | D:14     | Reached skill level 10 in Long Blades
 29680 | D:14     | Reached XP level 16. HP: 66/117 MP: 0/0
 29793 | D:14     | XOM: god gift: scroll of amnesia
 29931 | D:14     | Noticed Rupert
 29942 | D:14     | XOM: butterfly on damage
 29945 | D:14     | Killed Rupert
 30061 | D:14     | Found a hazy altar of Hepliaklqana.
 30189 | D:14     | Noticed Azrael
 30198 | D:14     | Killed Azrael
 30420 | D:14     | XOM: scenery: create altars
 30606 | D:15     | Entered Level 15 of the Dungeon
 30623 | D:15     | XOM: cast spell 'Chain of Chaos'
 30664 | D:15     | Found a frozen archway.
 30795 | IceCv    | Entered an ice cave
 30878 | IceCv    | XOM: potion effect (brilliance)
 31140 | D:15     | XOM: fog
 31158 | D:15     | XOM: cast spell 'Alistair's Intoxication'
 31476 | Snake:1  | Entered Level 1 of the Snake Pit
 31583 | Snake:1  | XOM: give mutation
 31583 | Snake:1  | Gained mutation: Your flesh is almost immune to the effects
                  | of heat. (rF+++) [Xom's grace]
 31677 | Snake:1  | XOM: god gift: 5 stones
 31692 | Snake:1  | XOM: destruction
 32009 | Snake:1  | XOM: god gift: glowing brown potion {god gift}
 32250 | Snake:1  | XOM: give mutations
 32250 | Snake:1  | Gained mutation: You have a pair of horns on your head.
                  | [Xom's grace]
 32250 | Snake:1  | Gained mutation: You passively map the area around you.
                  | [Xom's grace]
 32250 | Snake:1  | Gained mutation: You passively map a large area around you.
                  | [Xom's grace]
 32277 | Snake:1  | Identified the +1 demon blade of Wiocirph {pain, *Rage
                  | rCorr Dex+3 Stlth+} (Xom gifted it to you on level 1 of the
                  | Snake Pit)
 32277 | Snake:1  | XOM: god gift: +1 demon blade of Wiocirph {pain, *Rage
                  | rCorr Dex+3 Stlth+}
 32377 | Snake:2  | XOM: scenery: create altars
 32590 | Snake:2  | XOM: summons friendly quasit
 32596 | Snake:2  | XOM: 8-stop teleportation journey
 32598 | Snake:2  | XOM: god gift: potion of heal wounds
 32611 | Snake:2  | XOM: fog
 32618 | Snake:2  | XOM: scenery: summon butterflies
 32777 | Snake:1  | XOM: 7-stop teleportation journey
 33112 | Snake:2  | XOM: 2-stop teleportation journey
 33197 | Snake:2  | Noticed a nagaraja
 33208 | Snake:2  | Killed a nagaraja
 33486 | Snake:3  | XOM: cleaving
 33614 | Snake:3  | XOM: summons 12 friendly demons
 33653 | Snake:3  | Found a transporter.
 33658 | Snake:3  | Found a transporter.
 33663 | Snake:3  | Found Ezxagaigu's Armour Emporium.
 33669 | Snake:3  | Noticed a nagaraja
 33670 | Snake:3  | XOM: smoke on damage
 33825 | Snake:3  | Found a white marble altar of Elyvilon.
 33866 | Snake:3  | Found a transporter.
 33866 | Snake:3  | Found a transporter.
 33882 | Snake:3  | XOM: divination: magic mapping
 34127 | Snake:3  | Reached XP level 17. HP: 124/124 MP: 0/0
 34127 | Snake:3  | Learned a level 7 spell: Ozocubu's Refrigeration
 34280 | Snake:3  | Found a transporter.
 34377 | Snake:3  | XOM: cleaving
 34439 | Snake:3  | XOM: give mutations
 34439 | Snake:3  | Gained mutation: Your spells are a little harder to cast,
                  | but a little more powerful. [Xom's grace]
 34439 | Snake:3  | Lost mutation: You are somewhat resistant to further
                  | mutation. [Xom's grace]
 34439 | Snake:3  | Gained mutation: You have hidden genetic potential. [Xom's
                  | grace]
 34439 | Snake:3  | Gained mutation: Your movements are slightly less
                  | encumbered by armour. (ER -2) [Xom's grace]
 34643 | Snake:3  | XOM: confuse monster(s)
 34652 | Snake:3  | XOM: confuse monster(s)
 34653 | Snake:3  | XOM: enchant monster (good)
 34835 | Snake:3  | Identified the +2 pair of gloves "Birgh" {rN+ Str+7 Stlth+}
 34901 | Snake:4  | Entered Level 4 of the Snake Pit
 34921 | Snake:4  | XOM: enchant monster (good)
 35063 | Snake:4  | XOM: cast spell 'Call Canine Familiar'
 35283 | Snake:4  | Found Biogifee's Weapon Boutique.
 35367 | Snake:4  | Noticed Bai Suzhen
 35374 | Snake:4  | XOM: cast spell 'Summon Horrible Things'
 35383 | Snake:4  | Killed Bai Suzhen
 35411 | Snake:4  | XOM: summons 4 friendly demons
 35434 | Snake:4  | HP: 5/125 [anaconda (8)]
 35434 | Snake:4  | Mangled by a nagaraja

Illustrated notes

Levels and vault maps discovered:
D:1:      giann_wishing_wells, layout_basic, basic_ecumenical_altar
D:2:      layout_loops_ring, minmay_cupped, uniq_crazy_yiuf_cottage
D:3:      layout_basic, mainiacjoe_overflow_tiny_flanked,
          cheibrodos_sewer_entry_bend
D:4:      layout_loops_ring, minmay_temple_entry_nine_rooms, serial_shops, shop
D:5:      layout_loops_ring, nicolae_tso_swordbearing_angel, enter_ossuary_1,
          nicolae_shop_sticking_my_neck_out, uniq_grinder, uniq_ijyb
D:6:      layout_loops_cross, grunt_gozag_breadcrumbs,
          makhleb_altar_promises_db, minmay_crystal_water,
          hangedman_abyss_or_decor_stabs, minmay_strange_pillars,
          serial_bayou_pond_e, hellmonk_no_cap
D:7:      layout_basic, lemuel_coloured_pillars_altar, kennysheep_mini_moat,
          grunt_dithmenos_shadows, nicolae_uskayaw_murder_on_the_dancefloor,
          nicolae_overflow_crystal_walls, serial_shops,
          nicolae_shop_rolling_square
D:8:      layout_cave_pods, amcnicky_altar_gilded,
          mainiacjoe_overflow_surrounded_room
D:9:      layout_loops_ring, lemuel_round_altar, elyvilon_altar_1,
          mainiacjoe_overflow_small_starburst, serial_park_tiny_2
D:10:     lemuel_ice_statue, layout_rooms, slow_altar_2,
          lemuel_zombie_altar_yredelemnul, serial_shops, shop, enter_bailey_4
D:11:     layout_cross, dpeg_oklobed_lair, orc_0_dummy, gauntlet_entry_generic,
          chequers_garden
D:12:     layout_stronghold, serial_shops, shop
D:13:     layout_long_grid, david_vaults_5, gammafunk_ghost_necromancy,
          fedhas_altar_1
D:14:     layout_loops_ring, nzn_hepliaklqana_mist_gate, uniq_rupert,
          uniq_azrael
D:15:     grunt_enter_depths_snipers, layout_cave_pools,
          portal_ice_cave_entry_ice_statue_one, small_statue_alley_a,
          serial_rivers, chequers_serial_rivers_micro_b,
          chequers_serial_rivers_micro_c, chequers_serial_rivers_small_b,
          chequers_serial_rivers_small_3
Lair:1:   layout_regular_city, infiniplex_staircase_pool
Lair:2:   layout_regular_city, minmay_swamp_entry_reptiles,
          alex1729_snake_entry_snake, chequers_serial_rivers_small_b,
          hibernation_bobbens
Lair:3:   layout_hall_layers, serial_bayou_shore_a
Lair:4:   nzn_motion_control, layout_gridlike, slime_entry_1, uniq_sonja
Lair:5:   hangedman_lair_caniforms_friends, layout_big_grid
Snake:1:  layout_grid_maze, drop_trap, serial_bayou_shore_b
Snake:2:  layout_misc_corridors
Snake:3:  gammafunk_the_bubble [the_bubble_gammafunk_roulette],
          layout_misc_corridors, basic_altar, serial_shops,
          nicolae_shop_just_a_little_nook, grunt_megastairs_3
Snake:4:  grunt_snake_rune_serpentine_throne, layout_cave_town, serial_shops,
          shop, nicolae_triple_integral, uniq_bai_suzhen
Orc:1:    layout_caves, hellmonk_jugg_or_not
Orc:2:    grunt_orc_community_town_hall, layout_caves,
          grunt_orc_community_big_house_2, grunt_orc_community_big_house_1,
          grunt_orc_community_house_2, grunt_orc_community_house_3,
          grunt_orc_community_house_1, grunt_orc_community_house_2,
          grunt_orc_community_house_2, grunt_orc_community_house_1

Skill      XL: |  1  2  3  4  5  6  7  8  9 10 11 12 13 14 15 16 17 |
---------------+----------------------------------------------------+-----
Long Blades    | 3 4 5 6 7 8 9 10 11 | 11.1
Spellcasting   | 1 2 3 4 5 6 7 8 9 10 11 | 11.7
Conjurations   | 1 2 3 4 5 6 7 8 9 10 11 | 11.7
Hexes          | 1 2 3 4 5 6 7 8 9 10 11 | 11.7
Summonings     | 1 2 3 4 5 6 7 8 9 10 11 | 11.7
Necromancy     | 1 2 3 4 5 6 7 8 9 10 11 | 11.7
Translocations | 1 2 3 4 5 6 7 8 9 10 11 | 11.7
Transmutations | 1 2 3 4 5 6 7 8 9 10 11 | 11.7
Fire Magic     | 1 2 3 4 5 6 7 8 9 10 11 | 11.7
Ice Magic      | 1 2 3 4 5 6 7 8 9 10 11 | 11.7
Air Magic      | 1 2 3 4 5 6 7 8 9 10 11 | 11.7
Earth Magic    | 1 2 3 4 5 6 7 8 9 10 11 | 11.7
Poison Magic   | 1 2 3 4 5 6 7 8 9 10 11 | 11.7
Armour         | 2 3 4 5 6 7 8 9 10 11 | 11.7
Dodging        | 3 4 5 6 7 8 9 10 11 12 | 12.9
Shields        | 1 2 3 4 5 6 7 8 9 10 11 | 11.5
Fighting       | 4 5 6 7 8 9 10 11 12 | 12.8
Evocations     | 2 4 5 |  5.4

Action                     |  1- 3 |  4- 6 |  7- 9 | 10-12 | 13-15 | 16-18 || total
---------------------------+-------+-------+-------+-------+-------+-------++-------
  Melee: Falchion          |    72 |       |       |       |       |       ||    72
         Headbutt          |     6 |     5 |    29 |    77 |    77 |   121 ||   315
         Long sword        |     1 |    68 |   207 |   497 |   808 |   430 ||  2011
   Cast: Summon Small Mamm |       |       |       |       |     1 |       ||     1
         Vampiric Draining |       |       |       |       |     3 |       ||     3
         Metabolic Englaci |       |       |       |       |       |     2 ||     2
  Evoke: Wand              |       |       |       |     3 |    11 |       ||    14
    Use: Scroll            |       |       |     5 |     8 |     6 |     5 ||    24
         Potion            |       |       |       |     6 |     2 |     4 ||    12
   Stab: Distracted        |     1 |       |       |       |     1 |       ||     2
         Sleeping          |       |     1 |     3 |     1 |       |     1 ||     6
         Confused          |       |       |       |     4 |     1 |     5 ||    10
         Paralysed         |       |       |       |     3 |       |       ||     3
         Petrified         |       |       |       |       |     1 |       ||     1
         Invisible         |       |       |       |       |       |     2 ||     2
 Armour: Leather armour    |    54 |    25 |   112 |   194 |       |       ||   385
         Scale mail        |       |       |       |    96 |   430 |   319 ||   845
  Dodge: Dodged            |    49 |    29 |    96 |   271 |   427 |   297 ||  1169
  Block: Kite shield       |       |    33 |   120 |   365 |   984 |   652 ||  2154
         Reflection        |       |       |       |       |    20 |    96 ||   116

Table legend: (Time is in decaauts)
 A = Elapsed time spent in this place.
 B = Non-inter-level travel time spent in this place.
 C = Inter-level travel time spent in this place.
 D = Time resting spent in this place.
 E = Time spent auto-exploring this place.
 F = Levels seen in this place.
 G = Mean time per level.
                   A        B        C        D        E       F      G
               +--------+--------+--------+--------+--------+-----+--------+
         Total |  35954 |  35075 |    879 |  11986 |  17485 |  31 | 1159.8 |
       Dungeon |  21678 |  21203 |    475 |   9561 |   9237 |  15 | 1445.2 |
          Lair |   5091 |   4885 |    206 |    328 |   3573 |   5 | 1018.2 |
     Snake Pit |   4044 |   3891 |    153 |    640 |   2475 |   4 | 1011.0 |
  Orcish Mines |   2274 |   2230 |     44 |    701 |   1033 |   2 | 1137.0 |
         Sewer |    102 |    102 |      0 |      0 |     70 |   1 |  102.0 |
       Ossuary |    665 |    665 |      0 |    217 |    224 |   1 |  665.0 |
        Bailey |   1183 |   1183 |      0 |    486 |    409 |   1 | 1183.0 |
      Ice Cave |    117 |    117 |      0 |      2 |     52 |   1 |  117.0 |
      Gauntlet |    797 |    797 |      0 |     49 |    411 |   1 |  797.0 |
               +--------+--------+--------+--------+--------+-----+--------+

Top non-repeatable levels by time:
     D:1: 8973 daAuts
 Snake:3: 1584 daAuts
    D:14: 1359 daAuts
   Orc:1: 1329 daAuts
     D:2: 1294 daAuts
  Lair:5: 1209 daAuts
  Lair:4: 1203 daAuts
  Bailey: 1183 daAuts
 Snake:1: 1146 daAuts
     D:9: 1003 daAuts
    D:13: 984 daAuts
  Lair:3: 980 daAuts
     D:3: 960 daAuts
     D:5: 946 daAuts
   Orc:2: 945 daAuts
